 Dungeon Crawl Stone Soup version 0.23.1-37-gaa34b87 (webtiles) character file.

Game seed: 0

109942 eccles the Severer (level 16, -3/159 HPs)
             Began as a Minotaur Berserker on Mar 18, 2019.
             Was the Champion of Trog.
             Slain by a merfolk
             ... wielding a +0 trident
              (10 damage)
             ... on level 2 of the Shoals on Mar 20, 2019.
             The game lasted 02:29:34 (20499 turns).

eccles the Severer (Minotaur Berserker)            Turns: 20499, Time: 02:29:36

Health: -3/159     AC: 23    Str: 46    XL:     16   Next: 6%
Magic:  0/15       EV: 12    Int: 11    God:    Trog [******]
Gold:   1487       SH: 18    Dex: 10    Spells: 15/15 levels left

rFire    + . .     SeeInvis +   L - +11 war axe of Debt {flame, MR+}
rCold    x . .     Gourm    .   Q - +3 shield of Egalitarianism {rC- MR+ rCorr Str+7}
rNeg     + . .     Faith    .   S - +0 pearl dragon scales
rPois    .         Spirit   +   O - +2 hat of Shadows and Fog {rF+ rCorr Str+4 Stlth+}
rElec    .         Reflect  .   V - +0 cloak {+Inv}
rCorr    +         Harm     .   i - +1 pair of gloves
MR       ++...                  Y - +0 pair of boots
Stlth    +.........             r - amulet of guardian spirit
HPRegen  0.36/turn              g - ring of resist corrosion
MPRegen  0.14/turn              x - ring of Ibint {MR- Str+6 Int+7 SInv}

@: berserk cooldown, mesmerised, slowed, very slow
A: retaliatory headbutt, horns 2
a: Berserk, Trog's Hand, Brothers in Arms, Renounce Religion, Evoke Invisibility


You were on level 2 of the Shoals.
You worshipped Trog.
Trog was exalted by your worship.
You were hungry.

You visited 4 branches of the dungeon, and saw 25 of its levels.
You also visited: Sewer, Gauntlet and Ice Cave.

You collected 2792 gold pieces.
You spent 1305 gold pieces at shops.

Inventory:

Hand Weapons
 L - the +11 war axe of Debt (weapon) {flame, MR+}
   (You found it on level 7 of the Dungeon)

   It has been specially enchanted to burn those struck by it, causing extra
   injury to most foes and up to half again as much damage against particularly
   susceptible opponents.
   Big, fiery blades are also staple armaments of hydra-hunters.
   It affects your resistance to hostile enchantments.
Missiles
 z - 7 javelins of penetration (quivered)
 K - 14 exploding tomahawks
Armour
 i - a +1 pair of gloves (worn)
 A - a +2 plate armour
 O - the +2 hat of Shadows and Fog (worn) {rF+ rCorr Str+4 Stlth+}
   (You acquired it on level 2 of the Lair of Beasts)

   It affects your strength (+4).
   It protects you from fire.
   It provides partial protection from all sources of acid and corrosion.
   It makes you more stealthy.
 Q - the +3 shield of Egalitarianism (worn) {rC- MR+ rCorr Str+7}
   (You acquired it on level 2 of the Lair of Beasts)

   It affects your strength (+7).
   It makes you vulnerable to cold.
   It affects your resistance to hostile enchantments.
   It provides partial protection from all sources of acid and corrosion.
 S - +0 pearl dragon scales (worn)
 T - a +2 shield
 V - a +0 cloak of invisibility (worn)
 Y - a +0 pair of boots (worn)
Jewellery
 b - an uncursed amulet of faith {unknown}
 f - an uncursed amulet of regeneration {unknown}
 g - a ring of resist corrosion (left hand)
 r - an amulet of guardian spirit (around neck)
 u - the ring "Quno" {Fire Int+3 Slay+3 SInv}
   (You took it off a necromancer in a Gauntlet)

   [ring of fire]

   It enhances your fire magic.
   It affects your intelligence (+3).
   It affects your accuracy and damage with ranged weapons and melee attacks
   (+3).
   It protects you from fire.
   It makes you vulnerable to cold.
   It lets you see invisible.
 x - the ring of Ibint (right hand) {MR- Str+6 Int+7 SInv}
   (You bought it in a shop on level 1 of the Orcish Mines)

   [ring of see invisible]

   It affects your strength (+6).
   It affects your intelligence (+7).
   It affects your resistance to hostile enchantments.
   It lets you see invisible.
Wands
 n - a wand of iceblast (6)
 y - a wand of paralysis (21)
 D - a wand of enslavement (6)
 H - a wand of flame (15)
 I - a wand of disintegration (20)
 J - a wand of scattershot (12)
 U - a wand of digging (7)
 W - a wand of acid (6)
Scrolls
 d - 10 scrolls of remove curse
 o - 2 scrolls of silence
 p - 7 scrolls of teleportation
 q - 4 scrolls of fog
 s - 2 scrolls of blinking
 t - 2 scrolls of magic mapping
 F - 6 scrolls of immolation
 P - 3 scrolls of brand weapon
 R - 5 scrolls of fear
 X - a scroll of summoning
Potions
 a - a potion of experience {unknown}
 e - 5 potions of agility
 h - 17 potions of curing
 j - 2 potions of magic {unknown}
 k - 8 potions of lignification
 l - 4 potions of mutation {unknown}
 m - 6 potions of brilliance
 v - 8 potions of haste
 w - 2 potions of ambrosia {unknown}
 B - 5 potions of flight {unknown}
 E - 4 potions of heal wounds
 G - 2 potions of might
 M - 5 potions of degeneration {unknown}
 N - a potion of berserk rage {unknown}
 Z - a potion of invisibility
Comestibles
 c - 52 rations


   Skills:
 * Level 18.7 Fighting
 * Level 20.8 Axes
 + Level 12.5 Armour
 + Level 5.2 Dodging
 + Level 3.2 Stealth
 + Level 11.0 Shields
 + Level 0.3 Evocations


You had 15 spell levels left.
You didn't know any spells.
Your spell library was empty.

Dungeon Overview and Level Annotations

Branches:
Dungeon (15/15)            Temple (0/1) D:7            Lair (6/6) D:9
 Shoals (2/4) Lair:2       Spider (0/4) Lair:3        Slime (0/5) Lair:6
    Orc (2/2) D:11            Elf (0/3) Orc:2        Vaults (0/5) D:13
 Depths (0/5) D:15

Altars:
Cheibriados
Gozag
Makhleb
Nemelex Xobeh
Qazlal
Trog
Xom
Yredelemnul
Beogh

Shops:
D:5 :   Orc:1 =   Orc:2 (*(


Innate Abilities, Weirdness & Mutations

You reflexively headbutt those who attack you in melee.
You have a pair of horns on your head.


Message History

The water swirls and strikes you!
* * * LOW HITPOINT WARNING * * *
You block the merfolk's attack.
The merfolk hits you but does no damage.
The merfolk siren chants its luring song.
The water nymph points at you and mumbles some strange words.
The water swirls and strikes you!
* * * LOW HITPOINT WARNING * * *
You cannot move away from the merfolk siren!
You feel much better. You block the merfolk's attack. x2
The merfolk siren chants its luring song.
The water nymph points at you and mumbles some strange words.
The water swirls and strikes you!
* * * LOW HITPOINT WARNING * * *
The water nymph touches you.
* * * LOW HITPOINT WARNING * * *
The water nymph drowns you!
* * * LOW HITPOINT WARNING * * *
The merfolk hits you from afar with a +0 trident!
You die...

..≈.....m.≈...H.....
≈.......mE†..!..####
≈....H...H(....##
≈....≈≈m.m.....# ####
≈≈≈..≈≈≈≈####### .....
≈≈≈≈≈≈≈)(## #...≈≈
≈≈≈≈≈≈≈≈≈÷## #..≈≈≈≈
≈≈≈≈≈≈≈≈(≈######..≈≈≈≈≈
≈≈≈≈≈≈≈≈≈≈≈mkm)@≈≈≈≈≈≈≈
..≈≈≈≈≈≈≈≈≈≈≈m(m≈≈≈≈≈≈≈
..≈≈≈≈≈≈≈≈≈≈≈m≈≈≈≈≈≈≈≈≈
≈≈≈≈≈≈≈≈≈≈≈≈≈≈≈≈≈≈≈≈≈≈≈
≈≈≈≈≈≈≈≈≈≈≈≈≈≈≈≈≈≈≈≈≈≈≈
.≈≈≈≈≈≈≈≈≈≈≈≈≈≈≈≈≈≈≈≈≈≈
.≈≈≈≈≈≈≈≈≈≈≈≈≈≈≈≈≈≈≈≈≈
≈≈≈≈≈≈≈≈≈≈≈≈≈≈≈≈≈≈≈≈≈
≈≈≈≈≈≈≈≈≈≈≈≈≈≈≈≈≈


You could see a wind drake, 2 merfolk, a merfolk siren and 2 water nymphs.

Vanquished Creatures
  A kraken (Shoals:1)
  A minotaur (Gauntlet)
  2 merfolk impalers (Shoals:2)
  Josephine (Lair:5)
  8 vault guards (D:13)
  Harold (D:8)
  A rakshasa (D:15)
  9 hydras
  3 catoblepae
  2 merfolk avatars
  4 two-headed ogres
  A death knight (D:14)
  4 centaur warriors
  A deep troll shaman (Lair:6)
  15 death yaks
  8 orc high priests (Orc:2)
  2 unseen horrors (D:13)
  4 sea snakes
  A glowing orange brain (D:15)
  A wizard (D:11)
  2 orc knights
  A necromancer (Gauntlet)
  3 deep elf magi
  A faun (Shoals:2)
  10 ugly things
  5 cyclopes
  6 manticores
  10 slime creatures
  Joseph (D:8)
  A water nymph (Shoals:2)
  2 merfolk sirens
  3 black mambas
  14 elephants
  Psyche (D:8)
  2 torpor snails
  2 ice statues (IceCv)
  3 gargoyles
  A komodo dragon (Lair:1)
  4 spiny frogs
  A freezing wraith (D:15)
  2 rime drakes
  12 merfolk
  A queen bee (shapeshifter) (D:15)
  A queen bee (D:9)
  A polar bear (Lair:6)
  2 wind drakes
  5 trolls
  A hornet (shapeshifter) (D:15)
  2 hornets (Gauntlet)
  A dream sheep (shapeshifter) (D:15)
  13 blink frogs
  5 dream sheep (Lair:4)
  5 flying skulls (Gauntlet)
  10 hippogriffs
  3 snapping turtles
  2 vampires
  4 wraiths
  A redback (Lair:3)
  2 water elementals
  4 wyverns
  A yak (shapeshifter) (D:15)
  26 yaks
  3 basilisks
  4 vampire mosquitoes (D:12)
  Grum (D:8)
  3 hungry ghosts
  Menkaure (D:7)
  7 wargs
  An acid dragon (D:13)
  Edmund (D:4)
  2 soldier ants (D:12)
  11 water moccasins
  4 porcupines
  9 ice beasts
  4 black bears
  35 orc warriors
  12 ogres
  2 sky beasts
  2 eyes of draining
  A necrophage (D:8)
  A phantom (D:11)
  15 wolves
  9 centaurs
  Blork the orc (D:6)
  3 big kobolds
  14 bullfrogs
  A gnoll sergeant (D:9)
  3 wyvern zombies
  4 scorpions
  2 wyvern skeletons
  40 killer bees
  18 wights
  A howler monkey (D:11)
  2 electric eels
  2 crimson imps
  A quasit (D:4)
  9 centaur zombies
  8 jellies
  35 orc priests
  4 hounds
  A bullfrog zombie (D:13)
  3 bullfrog skeletons
  3 centaur skeletons
  4 iguanas
  19 orc wizards
  9 worker ants
  A hound skeleton (D:8)
  A worker ant zombie (D:8)
  9 gnolls
  14 adders
  7 river rats (Sewer)
  3 shadow imps
  2 oozes
  An adder zombie (D:5)
  6 worms
  2 dart slugs
  6 leopard geckos
  112 orcs
  5 ball pythons
  A bat (D:3)
  12 giant cockroaches
  4 goblins
  10 hobgoblins
  4 quokkas
  A ball python skeleton (D:4)
  3 frilled lizards
  31 kobolds
  A quokka skeleton (D:4)
  A quokka zombie (D:7)
  28 rats
  A bush (Lair:4)
  5 fungi
  4 plants
  2 tentacles (Shoals:1)
839 creatures vanquished.

Vanquished Creatures (others)
  A leopard gecko (D:9)
  7 plants
  18 tentacles (Shoals:1)
26 creatures vanquished.

Grand Total: 865 creatures vanquished

Notes
Turn   | Place    | Note
-------+----------+-------------------------------------------
     0 | D:1      | eccles the Minotaur Berserker began the quest for the Orb.
     0 | D:1      | Reached XP level 1. HP: 19/19 MP: 0/0
   335 | D:1      | Reached XP level 2. HP: 24/27 MP: 1/1
   928 | D:2      | Reached skill level 4 in Axes
   942 | D:2      | Reached XP level 3. HP: 13/33 MP: 2/2
  1642 | D:2      | Found a sparkling altar of Nemelex Xobeh.
  1642 | D:2      | Found an opulent altar of Gozag.
  1822 | D:3      | Reached XP level 4. HP: 24/41 MP: 3/3
  1822 | D:3      | Reached ** piety under Trog
  1914 | D:3      | Found a shimmering altar of Xom.
  1914 | D:3      | Found a bloodstained altar of Trog.
  2170 | D:4      | Reached skill level 5 in Axes
  2170 | D:4      | Reached XP level 5. HP: 45/47 MP: 4/4
  2574 | D:4      | Reached skill level 6 in Axes
  3061 | D:4      | Reached skill level 5 in Fighting
  3061 | D:4      | Reached XP level 6. HP: 53/56 MP: 5/5
  3650 | D:4      | Noticed Edmund
  3661 | D:4      | Killed Edmund
  3661 | D:4      | Reached skill level 7 in Axes
  3661 | D:4      | Reached XP level 7. HP: 61/61 MP: 4/6
  3874 | D:5      | Entered Level 5 of the Dungeon
  3985 | D:5      | Reached *** piety under Trog
  4038 | D:5      | Found Vuuv's Book Shoppe.
  4166 | D:5      | Found a glowing drain.
  4188 | Sewer    | Entered a sewer
  4224 | Sewer    | Reached skill level 8 in Axes
  4537 | Sewer    | Reached skill level 5 in Armour
  4539 | Sewer    | Reached **** piety under Trog
  4914 | D:5      | Noticed a hungry ghost
  4929 | D:5      | Killed a hungry ghost
  4929 | D:5      | Reached XP level 8. HP: 69/71 MP: 7/7
  5017 | D:6      | Reached skill level 9 in Axes
  5099 | D:6      | Noticed Blork the orc
  5110 | D:6      | Killed Blork the orc
  5666 | D:7      | Reached skill level 1 in Stealth
  5667 | D:7      | Reached skill level 10 in Axes
  5745 | D:7      | Found a staircase to the Ecumenical Temple.
  5752 | D:7      | Got a scorched war axe
  5753 | D:7      | Identified the +11 war axe of Debt {flame, MR+} (You found
                  | it on level 7 of the Dungeon)
  6013 | D:7      | Reached XP level 9. HP: 82/82 MP: 8/8
  6297 | D:7      | Noticed Menkaure
  6301 | D:7      | Killed Menkaure
  6549 | D:8      | Noticed Harold
  6568 | D:8      | Killed Harold
  6568 | D:8      | Reached ***** piety under Trog
  6568 | D:8      | Reached skill level 11 in Axes
  6803 | D:8      | Reached skill level 12 in Axes
  6845 | D:8      | You fall through a shaft for 3 floors!
  6882 | D:11     | Noticed a four-headed hydra
  6888 | D:11     | Killed a one-headed hydra
  6888 | D:11     | Reached skill level 10 in Fighting
  6888 | D:11     | Reached XP level 10. HP: 83/93 MP: 7/9
  6894 | D:10     | Entered Level 10 of the Dungeon
  6894 | D:10     | Noticed a two-headed ogre
  6901 | D:10     | Killed a two-headed ogre
  6901 | D:10     | Reached skill level 1 in Shields
  7097 | D:9      | Noticed a death yak
  7195 | D:9      | Noticed a death yak
  7197 | D:9      | Found a staircase to the Lair.
  7197 | D:9      | Noticed a death yak
  7197 | D:9      | Noticed a death yak
  7198 | D:9      | Noticed a death yak
  7255 | D:10     | Reached skill level 13 in Axes
  7601 | D:10     | Received a gift from Trog
  7791 | D:8      | Noticed Joseph
  7804 | D:8      | Killed Joseph
  7804 | D:8      | Reached skill level 14 in Axes
  7837 | D:8      | Noticed Grum
  7847 | D:8      | Killed Grum
  7980 | D:8      | Noticed Psyche
  7994 | D:8      | Killed Psyche
  7994 | D:8      | Reached XP level 11. HP: 91/102 MP: 8/10
  8482 | D:9      | Found a burning altar of Makhleb.
  8703 | D:9      | Found a burning altar of Makhleb.
  8713 | D:9      | Found a stormy altar of Qazlal.
  8882 | D:9      | Killed a death yak
  8882 | D:9      | Reached skill level 15 in Axes
  8890 | D:9      | Killed a death yak
  8891 | D:9      | Killed a death yak
  8893 | D:9      | Killed a death yak
  8894 | D:9      | Killed a death yak
  9282 | D:11     | Noticed a wizard
  9288 | D:11     | Killed a wizard
  9288 | D:11     | Received a gift from Trog
  9293 | D:11     | Reached skill level 5 in Shields
  9337 | D:11     | Reached skill level 16 in Axes
  9368 | D:11     | Found a staircase to the Orcish Mines.
  9595 | D:11     | Reached XP level 12. HP: 113/113 MP: 11/11
  9696 | D:11     | Reached ****** piety under Trog
  9782 | D:11     | Received a gift from Trog
  9984 | D:12     | Found a basalt altar of Yredelemnul.
 10497 | D:13     | Noticed a centaur warrior
 10546 | Lair:1   | Entered Level 1 of the Lair of Beasts
 10553 | Lair:1   | Received a gift from Trog
 11139 | Lair:2   | Found a staircase to the Shoals.
 11142 | Lair:2   | Received a gift from Trog
 11156 | Lair:2   | Reached skill level 17 in Axes
 11226 | Lair:2   | Found a snail-covered altar of Cheibriados.
 11527 | Lair:2   | Identified 2 scrolls of acquirement
 11532 | Lair:2   | Got a slimy hat
 11538 | Lair:2   | Identified the +2 hat of Shadows and Fog {rF+ rCorr Str+4
                  | Stlth+} (You acquired it on level 2 of the Lair of Beasts)
 11539 | Lair:2   | Got a steaming shield
 11550 | Lair:2   | Identified the +3 shield of Egalitarianism {rC- MR+ rCorr
                  | Str+7} (You acquired it on level 2 of the Lair of Beasts)
 11958 | Lair:3   | Found a hole to the Spider Nest.
 12012 | Lair:3   | Reached XP level 13. HP: 124/124 MP: 12/12
 12016 | Lair:3   | Reached skill level 10 in Armour
 12806 | Lair:5   | Noticed Josephine
 12810 | Lair:5   | Killed Josephine
 12810 | Lair:5   | Reached skill level 15 in Fighting
 12871 | Lair:5   | Reached skill level 18 in Axes
 13053 | Lair:5   | Received a gift from Trog
 13226 | Lair:6   | Entered Level 6 of the Lair of Beasts
 13282 | Lair:6   | Found a frozen archway.
 13303 | IceCv    | Entered an ice cave
 13316 | IceCv    | Found a transporter.
 13350 | IceCv    | Found a transporter.
 14065 | Lair:6   | Reached XP level 14. HP: 137/137 MP: 13/13
 14125 | Lair:6   | Got a crude pewter amulet
 14127 | Lair:6   | Identified the amulet "Izulinon" {Inacc Dex+3} (You found
                  | it on level 6 of the Lair of Beasts)
 14325 | Lair:6   | Found a staircase to the Slime Pits.
 14546 | Orc:1    | Entered Level 1 of the Orcish Mines
 14682 | Orc:1    | Received a gift from Trog
 14912 | Orc:1    | Found a roughly hewn altar of Beogh.
 15090 | Orc:1    | Found Xasanoklis's Jewellery Shoppe.
 15162 | Orc:2    | Entered Level 2 of the Orcish Mines
 15285 | Orc:2    | Found a staircase to the Elven Halls.
 15386 | Orc:2    | Found a roughly hewn altar of Beogh.
 15432 | Orc:2    | Reached skill level 19 in Axes
 15628 | Orc:2    | Found a roughly hewn altar of Beogh.
 15872 | Orc:2    | Found Unom's Weapon Shoppe.
 15887 | Orc:2    | Found Zeskoado's Food Boutique.
 15993 | Orc:2    | Found Kotilyici's Assorted Antiques.
 15993 | Orc:2    | Found Geocanug's Weapon Shoppe.
 16034 | Orc:2    | Bought a scroll of identify for 44 gold pieces
 16066 | Orc:2    | Bought a ration for 50 gold pieces
 16066 | Orc:2    | Bought a ration for 50 gold pieces
 16066 | Orc:2    | Bought a ration for 50 gold pieces
 16066 | Orc:2    | Bought a ration for 50 gold pieces
 16066 | Orc:2    | Bought a ration for 50 gold pieces
 16066 | Orc:2    | Bought a ration for 50 gold pieces
 16066 | Orc:2    | Bought a ration for 50 gold pieces
 16066 | Orc:2    | Bought a ration for 50 gold pieces
 16066 | Orc:2    | Bought a ration for 50 gold pieces
 16168 | Orc:1    | Bought the ring of Ibint {MR- Str+6 Int+7 SInv} for 811
                  | gold pieces
 16443 | D:13     | Found a gate to the Vaults.
 16691 | D:13     | Received a gift from Trog
 16885 | D:13     | Reached XP level 15. HP: 142/147 MP: 12/14
 17203 | D:14     | Reached skill level 20 in Axes
 17650 | D:14     | Reached skill level 10 in Shields
 17875 | D:14     | Received a gift from Trog
 17955 | D:15     | Entered Level 15 of the Dungeon
 18009 | D:15     | Found a staircase to the Depths.
 18095 | D:15     | Found a gate leading to a gauntlet.
 18154 | Gauntlet | Entered a Gauntlet
 18154 | Gauntlet | Found a transporter.
 18154 | Gauntlet | Found a transporter.
 18158 | Gauntlet | Found a transporter.
 18167 | Gauntlet | Found a transporter.
 18215 | Gauntlet | Found a transporter.
 18230 | Gauntlet | Found a transporter.
 18262 | Gauntlet | Found a transporter.
 18276 | Gauntlet | Found a transporter.
 18284 | Gauntlet | Found a transporter.
 18285 | Gauntlet | Identified the ring "Quno" {Fire Int+3 Slay+3 SInv}
 18586 | Gauntlet | Found a transporter.
 18587 | Gauntlet | Found the macabre finger necklace {rN+}
 18652 | Gauntlet | Identified the cursed +1 hand crossbow "Eray" {penet, MR++}
 18652 | Gauntlet | Identified the ring "Batwi" {rCorr MP-9 Str-5 Dex+9}
 19099 | D:15     | Paralysed by a hornet for 2 turns
 19120 | D:15     | Received a gift from Trog
 19459 | Shoals:1 | Entered Level 1 of the Shoals
 19517 | Shoals:1 | Noticed a kraken
 19644 | Shoals:1 | Killed a kraken
 19644 | Shoals:1 | Reached skill level 5 in Dodging
 19964 | Shoals:1 | Upgraded the game from 0.23.1 to 0.23.1-37-gaa34b87
 20458 | Shoals:2 | Reached XP level 16. HP: 154/159 MP: 15/15
 20499 | Shoals:2 | HP: 7/159 [drowned by a water nymph (11)]
 20499 | Shoals:2 | Slain by a merfolk

Skill      XL: |  1  2  3  4  5  6  7  8  9 10 11 12 13 14 15 16 |
---------------+-------------------------------------------------+-----
Fighting       | 4 5 6 8 10 11 12 14 16 17 18 | 18.7
Axes           | 4 5 6 7 8 10 12 14 16 17 18 19 20 | 20.8
Armour         | 3 4 5 6 7 8 9 10 11 12 | 12.5
Dodging        | 3 4 5 |  5.2
Stealth        | 1 3 |  3.2
Shields        | 2 5 6 8 9 10 11 | 11.0
Evocations     | |  0.3

Action                   |  1- 3 |  4- 6 |  7- 9 | 10-12 | 13-15 | 16-18 || total
-------------------------+-------+-------+-------+-------+-------+-------++-------
Melee: Hand axe          |   113 |   107 |   187 |       |       |       ||   407
       Headbutt          |    19 |    19 |    52 |    90 |   227 |     6 ||   413
       Battleaxe         |       |       |    51 |       |       |       ||    51
       War axe           |       |       |    48 |   453 |   785 |    21 ||  1307
Invok: Berserk           |       |     2 |     3 |     4 |     7 |     1 ||    17
Evoke: Wand              |       |       |       |     3 |     6 |       ||     9
  Use: Scroll            |       |     7 |     7 |     9 |    11 |       ||    34
       Potion            |       |       |       |       |     4 |     2 ||     6
 Stab: Petrified         |       |       |       |       |    13 |       ||    13
       Petrifying        |       |       |       |       |     1 |       ||     1
       Sleeping          |       |       |       |       |     1 |       ||     1
  Eat: Chunk             |     1 |     5 |    14 |    18 |    17 |       ||    55
       Ration            |     1 |       |     1 |     1 |     5 |       ||     8
Armor: Ring mail         |    26 |    32 |       |       |       |       ||    58
       Animal skin       |     3 |       |       |       |       |       ||     3
       Chain mail        |       |    13 |   116 |       |       |       ||   129
       Plate armour      |       |       |    59 |   154 |   202 |       ||   415
       Pearl dragon scal |       |       |       |       |    34 |    17 ||    51
Dodge: Dodged            |    47 |    67 |   129 |    88 |   137 |     9 ||   477
Block: Shield            |       |       |     4 |   237 |   449 |    42 ||   732
